 Dungeon Crawl Stone Soup version 0.24-a0-447-ge8da9206dc (webtiles) character file.

Game seed: 12737471111495236179

2147 pk666 the Thaumaturge (level 9, -3/45 HPs)
             Began as a Deep Elf Wizard on June 25, 2019.
             Was a Follower of Vehumet.
             Slain by an unseen horror (8 damage)
             ... on level 7 of the Dungeon.
             The game lasted 00:21:01 (8090 turns).

pk666 the Thaumaturge (Deep Elf Wizard)             Turns: 8090, Time: 00:21:03

Health: -3/45      AC:  2    Str:  4    XL:     9   Next: 9%
Magic:  28/33      EV: 16    Int: 27    God:    Vehumet [*.....]
Gold:   473        SH:  0    Dex: 16    Spells: 14/27 levels left

rFire    . . .     SeeInvis .   e - +0 dagger
rCold    . . .     Gourm    .   (no shield)
rNeg     . . .     Faith    .   a - +0 robe
rPois    .         Spirit   .   b - +0 hat
rElec    .         Reflect  .   (no cloak)
rCorr    .         Harm     .   (no gloves)
MR       .....                  (no boots)
Stlth    +.........             (no amulet)
HPRegen  0.15/turn              r - +3 ring of dexterity
MPRegen  0.23/turn              B - ring of magical power

@: confused
A: no striking features
a: Renounce Religion


You were on level 7 of the Dungeon.
You worshipped Vehumet.
Vehumet was aware of your devotion.
You were not hungry.

You visited 2 branches of the dungeon, and saw 8 of its levels.
You also visited: Sewer.

You collected 473 gold pieces.

Inventory:

Hand Weapons
 e - a +0 dagger (weapon)
 D - the cursed +1 rapier of Disharmony {flame, Dex+3}
   (You found it on level 4 of the Dungeon)

   It has been specially enchanted to burn those struck by it, causing extra
   injury to most foes and up to half again as much damage against particularly
   susceptible opponents.
   It affects your dexterity (+3).
   It has a curse placed upon it.
Armour
 a - a +0 robe (worn)
 b - a +0 hat (worn)
 w - a +0 troll leather armour {Purgy}
Jewellery
 r - a +3 ring of dexterity (left hand)
 v - an uncursed ring of fire
 B - a ring of magical power (right hand)
 C - a cursed -2 ring of slaying {unknown}
 F - an uncursed ring of stealth
Wands
 q - a wand of disintegration (12)
 t - a wand of random effects (20)
 u - a wand of scattershot (4)
Scrolls
 c - a scroll of fog {unknown}
 f - 2 scrolls of fear {unknown}
 m - 2 scrolls of identify
 n - 5 scrolls of remove curse {unknown}
 p - 2 scrolls of blinking {unknown}
 s - 2 scrolls of teleportation
 y - 2 scrolls of enchant weapon {unknown}
 E - a scroll of magic mapping {unknown}
 G - a scroll of amnesia {unknown}
Potions
 g - 2 potions of ambrosia {unknown}
 h - a potion of mutation {unknown}
 i - 2 potions of might {unknown}
 j - 2 potions of heal wounds {unknown}
 k - 2 potions of curing {unknown}
 l - 2 potions of agility {unknown}
 o - 4 potions of degeneration {unknown}
 x - 3 potions of haste {unknown}
 z - 2 potions of flight {unknown}
 A - 3 potions of brilliance {unknown}
Comestibles
 d - 9 rations


   Skills:
 - Level 6.0 Dodging
 - Level 2.4 Stealth
 + Level 9.5 Spellcasting
 + Level 5.2 Conjurations
 + Level 4.3 Summonings
 - Level 2.1 Translocations
 + Level 4.6 Fire Magic
 - Level 3.1 Air Magic
 - Level 2.5 Poison Magic


You had 14 spell levels left.
You knew the following spells:

 Your Spells              Type           Power        Failure   Level  Hunger
a - Magic Dart            Conj           ####         1%          1    None
b - Blink                 Tloc           N/A          2%          2    None
c - Conjure Flame         Conj/Fire      #####...     1%          3    None
d - Mephitic Cloud        Conj/Pois/Air  ####....     3%          3    None
e - Summon Lightning Spi  Summ/Air       ####....     10%         4    None

Your spell library contained the following spells:

 Spells                   Type           Power        Failure   Level  Hunger
 Freeze                   Ice            ##..         4%          1    None
 Summon Small Mammal      Summ           ####         1%          1    None
 Call Imp                 Summ           #####...     1%          2    None
 Call Canine Familiar     Summ           #####...     2%          3    None
 Summon Guardian Golem    Hex/Summ       ###.....     5%          3    None
 Slow                     Hex            ##......     7%          2    None
 Summon Ice Beast         Ice/Summ       ###.....     19%         4    None


Dungeon Overview and Level Annotations

Branches:
Dungeon (7/15)             Temple (1/1) D:4

Altars:
Ashenzari
Cheibriados
Dithmenos
Elyvilon
Fedhas
Gozag
Hepliaklqana
Kikubaaqudgha
Makhleb
Okawaru
Qazlal
Ru
Sif Muna
Trog
Uskayaw
Vehumet
Wu Jian
Xom
Yredelemnul
Zin
The Shining One

Annotations:
D:5 1 runed translucent door, melvinkitnick's ghost, novice GnGl


Message History

Something barely misses you. Something hits you!
* * * LOW HITPOINT WARNING * * *
Something hits you!
* * * LOW HITPOINT WARNING * * *
Casting: Blink (safe; 2% risk of failure)
Confirm with . or Enter, or press ? or * to list all spells.
You blink.
Casting: Blink (safe; 2% risk of failure)
Confirm with . or Enter, or press ? or * to list all spells.
Aiming: Mephitic Cloud (safe; 3% risk of failure)
Press: ? - help, Shift-Dir - straight line The ball explodes into a vile cloud!
The stinking cloud engulfs something but does no damage.
The stinking cloud engulfs you but does no damage.
You are engulfed in noxious fumes.
You choke on the stench!
You are confused.
You hear a shout!
Something hits you!
You die...

#..(...# #.###########'
#......#####.##. ..#.
#.........##.##. ### #.#.
#.........##.##.##<###.##
#.....§..............
#..>.....#.?####.#.##
#....○.###.......#.#
##..○§...........#.#
#.☼@............#.##
#####...............
#..............#...
#.##..$........#### #.
##.###........ # ###
######.### .# #


There were no monsters in sight!

Vanquished Creatures
  Grinder (D:3)
  Prince Ribbit (D:7)
  A hippogriff (D:5)
  Purgy (Sewer)
  A black bear (D:6)
  2 ice beasts (D:7)
  A phantom (D:4)
  A sky beast (D:5)
  A centaur (D:5)
  3 scorpions
  3 crimson imps (D:6)
  3 hounds
  A jelly (D:7)
  A centaur skeleton (D:5)
  A bullfrog skeleton (D:7)
  Terence (D:3)
  4 iguanas
  Ijyb (D:3)
  Natasha (thrice) (D:3)
  5 worker ants (D:4)
  A hound skeleton (D:6)
  A gnoll (D:1)
  8 adders
  A shadow imp (D:3)
  2 oozes (D:2)
  An adder skeleton (D:4)
  4 worms
  A dart slug (D:2)
  2 leopard geckos
  7 orcs
  5 ball pythons
  2 bats
  7 giant cockroaches
  9 goblins
  7 hobgoblins
  4 jackals (D:5)
  2 kobolds (D:1)
  A quokka (D:2)
  A ball python skeleton (D:4)
  6 frilled lizards
  12 rats
120 creatures vanquished.

Notes
Turn   | Place    | Note
-------+----------+-------------------------------------------
     0 | D:1      | pk666 the Deep Elf Wizard began the quest for the Orb.
     0 | D:1      | Reached XP level 1. HP: 10/10 MP: 7/7
   239 | D:1      | Reached XP level 2. HP: 15/15 MP: 6/9
   610 | D:1      | Reached XP level 3. HP: 17/19 MP: 0/11
   697 | D:1      | Learned a level 2 spell: Blink
   701 | D:1      | Learned a level 3 spell: Conjure Flame
   705 | D:1      | Learned a level 3 spell: Mephitic Cloud
   815 | D:2      | Reached skill level 5 in Spellcasting
  1511 | D:2      | Reached XP level 4. HP: 24/24 MP: 8/13
  1870 | D:2      | Reached skill level 1 in Fire Magic
  1879 | D:2      | Found a bloodstained altar of Trog.
  1998 | D:3      | Reached skill level 1 in Poison Magic
  2084 | D:3      | Noticed Terence
  2097 | D:3      | Killed Terence
  2116 | D:3      | Noticed Natasha
  2124 | D:3      | Killed Natasha
  2124 | D:3      | Reached XP level 5. HP: 15/28 MP: 0/15
  2447 | D:3      | Noticed Ijyb
  2464 | D:3      | Killed Ijyb
  2824 | D:3      | Noticed Natasha
  2830 | D:3      | Killed Natasha
  2938 | D:3      | Noticed Grinder
  2962 | D:3      | Killed Grinder
  2962 | D:3      | Reached skill level 6 in Spellcasting
  2962 | D:3      | Reached XP level 6. HP: 32/32 MP: 0/17
  3204 | D:3      | Noticed Natasha
  3214 | D:3      | Killed Natasha
  3445 | D:4      | Reached XP level 7. HP: 10/36 MP: 8/18
  3598 | D:4      | Found a glowing drain.
  3667 | Sewer    | Entered a sewer
  3739 | Sewer    | Noticed Purgy
  3753 | Sewer    | Killed Purgy
  3753 | Sewer    | Reached skill level 5 in Dodging
  4574 | D:4      | Found a staircase to the Ecumenical Temple.
  4581 | Temple   | Entered the Ecumenical Temple
  4741 | Temple   | Became a worshipper of Vehumet
  4878 | D:4      | Reached skill level 7 in Spellcasting
  4960 | D:4      | Got a dazzling rapier
  4962 | D:4      | Identified the cursed +1 rapier of Disharmony {flame,
                  | Dex+3} (You found it on level 4 of the Dungeon)
  5336 | D:5      | Entered Level 5 of the Dungeon
  5336 | D:5      | Found a runed translucent door.
  5451 | D:5      | Reached XP level 8. HP: 41/41 MP: 20/20
  5468 | D:5      | Noticed a hippogriff
  5618 | D:5      | Killed a hippogriff
  5618 | D:5      | Reached skill level 5 in Conjurations
  5618 | D:5      | Reached skill level 1 in Air Magic
  5703 | D:5      | Learned a level 4 spell: Summon Lightning Spire
  6156 | D:5      | Noticed melvinkitnick's ghost (novice GnGl)
  6580 | D:6      | Reached skill level 8 in Spellcasting
  6852 | D:6      | Reached * piety under Vehumet
  6852 | D:6      | Offered knowledge of Freeze by Vehumet.
  7082 | D:7      | Reached skill level 9 in Spellcasting
  7465 | D:7      | Reached XP level 9. HP: 43/45 MP: 17/24
  7491 | D:7      | Noticed Prince Ribbit
  7508 | D:7      | Killed Prince Ribbit
  7785 | D:7      | HP: 1/45 [something (5)]
  8090 | D:7      | Slain by an unseen horror

Levels and vault maps discovered:
D:1:      saegor_arrival_miasma, layout_rooms
D:2:      layout_loops_corners, st_stairs_12, trog_butcher_becter
D:3:      layout_loops_corners, chequers_big_river, wad_floor_pattern_2,
          uniq_terence, uniq_natasha, uniq_ijyb, uniq_grinder
D:4:      layout_gridville, minmay_temple_entry_trees, gup_sewer_entry_spiral
D:5:      layout_loops_cross, first_ration, ebering_ghost_reflecting_pool,
          hangedman_decor_opposing
D:6:      black_bear_nest_2, layout_rooms
D:7:      layout_basic, uniq_prince_ribbit1, uniq_crazy_yiuf_cottage,
          uniq_menkaure
Temple:   roderic_octagonal_lattice_temple

Skill      XL: |  1  2  3  4  5  6  7  8 |
---------------+-------------------------+-----
Dodging        | 3 4 5 6 |  6.0
Conjurations   | 2 3 4 5 |  5.2
Spellcasting   | 5 6 7 9 |  9.5
Fire Magic     | 1 2 3 4 |  4.6
Poison Magic   | 1 2 |  2.5
Translocations | 2 |  2.1
Air Magic      | 3 |  3.1
Summonings     | 4 |  4.3
Stealth        | |  2.4

Action                   |  1- 3 |  4- 6 |  7- 9 || total
-------------------------+-------+-------+-------++-------
Melee: Dagger            |       |     5 |     5 ||    10
 Cast: Magic Dart        |    81 |   115 |   286 ||   482
       Conjure Flame     |       |     2 |    14 ||    16
       Mephitic Cloud    |       |     2 |     9 ||    11
       Blink             |       |       |    14 ||    14
  Use: Scroll            |       |       |     2 ||     2
  Eat: Chunk             |     1 |     6 |    12 ||    19
       Ration            |       |       |     1 ||     1
Armor: Robe              |     3 |     5 |     9 ||    17
Dodge: Dodged            |    14 |    26 |    45 ||    85

Table legend:
 A = Non-vault XP
 B = Vault XP
 C = Vault XP percentage of total XP
 D = Non-vault monster count
 E = Vault monster count
 F = Vault count percentage of total count
                 A         B        C        D         E       F
            +---------+---------+-------+---------+---------+-------
      Total |    2119 |     949 |  30.9 |      96 |      24 |  20.0
            +---------+---------+-------+---------+---------+-------
        D:1 |      41 |       0 |   0.0 |      17 |       0 |   0.0
        D:2 |      81 |      10 |  11.0 |      20 |       5 |  20.0
        D:3 |     121 |     383 |  76.0 |      14 |       4 |  22.2
        D:4 |     490 |      14 |   2.8 |      16 |       7 |  30.4
        D:5 |     575 |       0 |   0.0 |      13 |       0 |   0.0
        D:6 |     356 |     133 |  27.2 |      10 |       1 |   9.1
        D:7 |     455 |     246 |  35.1 |       6 |       1 |  14.3
      Sewer |       0 |     163 | 100.0 |       0 |       6 | 100.0
            +---------+---------+-------+---------+---------+-------
